 Dungeon Crawl Stone Soup version 0.20-a0-738-gb057e68 (webtiles) character file.

120 graki42 the Firebug (level 4, -3/33 HPs)
             Began as a Demigod Fire Elementalist on Feb 23, 2017.
             Slain by an orc priest
             ... wielding a +0 flail
              (7 damage)
             ... on level 3 of the Dungeon.
             The game lasted 00:04:12 (1492 turns).

graki42 the Firebug (Demigod Fire Elementalist)     Turns: 1492, Time: 00:04:12

Health: -3/33      AC:  3    Str: 11    XL:     4   Next: 47%
Magic:  5/11       EV: 13    Int: 21    God:
Gold:   115        SH:  0    Dex: 16    Spells: 7/8 levels left

rFire    + . .     SeeInvis .   a - +2 dagger (venom)
rCold    . . .     Gourm    .   e - +1 robe {rF+}
rNeg     . . .     Faith    .   (no shield)
rPois    .         Spirit   .   (no helmet)
rElec    .         Reflect  .   (no cloak)
rCorr    .         Harm     .   (no gloves)
MR       .....                  (no boots)
Stlth    ++........             (no amulet)
Regen    0.2/turn               (no ring)
MPRegen  0.2/turn               (no ring)

@: no status effects
A: high mp 1
a: no special abilities


You were on level 3 of the Dungeon.
You were not hungry.

You visited 1 branch of the dungeon, and saw 3 of its levels.

You collected 115 gold pieces.

Inventory:

Hand Weapons
 a - a +2 dagger of venom (weapon)
Armour
 e - a +1 robe of fire resistance (worn)
Scrolls
 d - a scroll of enchant weapon {unknown}
 f - a scroll of identify {unknown}
 g - 2 scrolls of enchant armour {unknown}
 h - a scroll of noise {unknown}
 m - a scroll of fear {unknown}
Potions
 i - a potion of agility {unknown}
 j - 2 potions of flight {unknown}
 k - a potion of resistance {unknown}
 l - a potion of degeneration {unknown}
Books
 b - a book of Flames

   Spells                             Type                      Level
   a - Flame Tongue                   Conjuration/Fire             1
   b - Throw Flame                    Conjuration/Fire             2
   c - Conjure Flame                  Conjuration/Fire             3
   d - Inner Flame                    Hexes/Fire                   3
   e - Sticky Flame                   Conjuration/Fire             4
   f - Fireball                       Conjuration/Fire             5
Comestibles
 c - 2 bread rations
 n - a chunk of flesh
 o - a royal jelly


   Skills:
 + Level 0.1 Fighting
 + Level 2.0 Dodging
 + Level 2.3 Stealth
 + Level 2.8 Spellcasting
 + Level 1.5 Conjurations
 + Level 3.6 Fire Magic


You had 7 spell levels left.
You knew the following spells:

 Your Spells              Type           Power        Failure   Level  Hunger
a - Flame Tongue          Conj/Fire      ##...        6%          1    None


Dungeon Overview and Level Annotations

Branches:
Dungeon (3/15)


Innate Abilities, Weirdness & Mutations

You have an increased reservoir of magic. (+10% MP)


Message History

Press: ? - help, Shift-Dir - straight line, f/p - orc
Aim: an orc, wielding a hand axe and wearing a leather armour (almost dead)
The flame tongue hits the orc.
The orc appears unharmed.
The orc is almost dead.
The orc closely misses you. The orc hits you but does no damage.
Casting: Flame Tongue
Confirm with . or Enter, or press ? or * to list all spells.
Aiming: Flame Tongue
Press: ? - help, Shift-Dir - straight line, f/p - orc
Aim: an orc, wielding a hand axe and wearing a leather armour (almost dead)
The flame tongue hits the orc.
You kill the orc!
The orc priest hits you with a flail!
* * * LOW HITPOINT WARNING * * *
You hit the orc priest.
The orc priest is moderately wounded.
The orc hits you with a mace.
* * * LOW HITPOINT WARNING * * *
The orc priest hits you with a flail!
You die...

# #########.#
#.........#
#)@##.##
#oo#...##
#.....o.#
.o.............
#.###...#.#####
#.....# ##.##.#
..# . ### #


You could see an orc priest and an orc.

Vanquished Creatures
  Jessica (D:2)
  6 adders (D:2)
  A worm (D:1)
  A dart slug (D:1)
  2 leopard geckos
  4 orcs
  3 hobgoblins
  9 kobolds
  A ball python (D:1)
  A bat (D:1)
  2 frilled lizards
  2 goblins (D:2)
  5 rats
38 creatures vanquished.

Notes
Turn   | Place    | Note
-------+----------+-------------------------------------------
     0 | D:1      | graki42 the Demigod Fire Elementalist began the quest for the Orb.
     0 | D:1      | Reached XP level 1. HP: 14/14 MP: 5/5
    26 | D:1      | Reached skill level 3 in Fire Magic
   180 | D:1      | Reached XP level 2. HP: 20/20 MP: 4/7
   794 | D:2      | Found a faded altar of an unknown god.
   801 | D:2      | Reached skill level 1 in Conjurations
   908 | D:2      | Reached XP level 3. HP: 19/26 MP: 9/9
   938 | D:2      | Noticed Jessica
   941 | D:2      | Killed Jessica
  1171 | D:2      | Reached XP level 4. HP: 33/33 MP: 7/10
  1492 | D:3      | Slain by an orc priest

Vault maps used:
D:1:      scummos_arrival_checkerplants, dk_noncrumbling_2
D:2:      minmay_kobold_bridge, chequers_ecumenical_altar_island,
          grunt_ministairs_4, uniq_jessica
D:3:      minmay_misc_feat_hallway

Skill      XL: |  1  2  3  4 |
---------------+-------------+-----
Fire Magic     | 3 |  3.6
Spellcasting   | 2 |  2.8
Conjurations   | 1 |  1.5
Stealth        | 2 |  2.3
Dodging        | 2 |  2.0
Fighting       | |  0.1

Action                   |  1- 3 |  4- 6 || total
-------------------------+-------+-------++-------
Melee: Unarmed           |     5 |       ||     5
       Dagger            |    11 |     7 ||    18
 Cast: Flame Tongue      |    48 |    15 ||    63
 Stab: Sleeping          |     2 |       ||     2
  Eat: Chunk             |     1 |     1 ||     2
Armor: Robe              |    10 |     8 ||    18
Dodge: Dodged            |    17 |    14 ||    31
